 Dungeon Crawl Stone Soup version 0.30-a0-777-ga9a30cbeda (webtiles) character file.

Game seed: 7679538179458595160

4802 cforsyth the Summoner (level 10, -4/50 HPs)
             Began as a Tengu Summoner on Feb 14, 2023.
             Was an Initiate of Gozag.
             Slain by a water moccasin (7 damage)
             ... on level 7 of the Dungeon on Feb 15, 2023.
             The game lasted 00:29:38 (7845 turns).

cforsyth the Summoner (Tengu Summoner)              Turns: 7845, Time: 00:29:39

Health: -4/50      AC:  3    Str:  9    XL:     10   Next: 48%
Magic:  31/34      EV: 14    Int: 26    God:    Gozag
Gold:   327        SH:  0    Dex: 14    Spells: 11/29 levels left

rFire   . . .      SeeInvis .    y - +11 Singing Sword {sonic wave}
rCold   . . .      Faith    .    (no shield)
rNeg    . . .      Spirit   .    a - +0 robe
rPois   .          Reflect  .    (helmet restricted)
rElec   .          Harm     .    A - +0 cloak
rCorr   .          Rampage  .    (no gloves)
Will    .....                    (boots unavailable)
Stlth   ++                       (no amulet)
HPRegen 0.28/turn                h - +6 ring of intelligence
MPRegen 0.24/turn                B - ring of Xecuass {Wiz MP+9}

@: lethally poisoned (-4 -> -10), gold aura, flying quickly and evasively,
hasted, very quick
A: beak, talons 3, nimble flight
a: Renounce Religion, Potion Petition, Call Merchant, Bribe Branch


You were on level 7 of the Dungeon.
You worshipped Gozag.
Gozag was aware of your devotion.
You visited 2 branches of the dungeon, and saw 9 of its levels.
You also visited: Sewer.

You collected 469 gold pieces.
You paid 142 gold pieces to Gozag.

Inventory:

Hand Weapons
 y - the +11 Singing Sword (weapon) {sonic wave}
   (You found it on level 4 of the Dungeon)
Armour
 a - a +0 robe (worn)
 A - a +0 cloak (worn)
Jewellery
 h - a +6 ring of intelligence (left hand)
 x - the ring of the Unkillable {rPois rCorr}
   (You found it on level 4 of the Dungeon)

   [ring of resist corrosion]

   rPois:     It protects you from poison.
   rCorr:     It protects you from acid and corrosion.
 z - a ring of see invisible
 B - the ring of Xecuass (right hand) {Wiz MP+9}
   (You found it on level 5 of the Dungeon)

   [ring of wizardry]

   It improves your spell success rate.
   MP:        It affects your magic capacity (+9).
 D - a ring of magical power
 F - a ring of positive energy
Wands
 v - a wand of flame (21)
Scrolls
 e - 4 scrolls of identify {unknown}
 i - 6 scrolls of teleportation
 o - a scroll of poison {unknown}
 q - a scroll of enchant weapon {unknown}
 r - a scroll of vulnerability {unknown}
 s - a scroll of amnesia {unknown}
 t - a scroll of immolation {unknown}
 w - 2 scrolls of fog {unknown}
 C - a scroll of magic mapping {unknown}
 E - a scroll of torment {unknown}
 G - a scroll of blinking {unknown}
Potions
 b - 2 potions of magic
 c - 2 potions of degeneration {unknown}
 d - 2 potions of flight {unknown}
 f - 3 potions of brilliance {unknown}
 g - a potion of berserk rage {unknown}
 j - 5 potions of haste
 k - 3 potions of heal wounds {unknown}
 l - 2 potions of invisibility {unknown}
 m - a potion of might {unknown}
 n - a potion of cancellation {unknown}
 p - 2 potions of attraction {unknown}
 u - a potion of ambrosia {unknown}


   Skills:
 - Level 2.2 Dodging
 - Level 2.0 Stealth
 + Level 10.0 Spellcasting
 + Level 13.5 Summonings


You had 11 spell levels left.
You knew the following spells:

 Your Spells              Type           Power      Damage    Failure   Level
a - Summon Small Mammal   Summ           100%       N/A       0%          1
b - Call Imp              Summ           70%        N/A       1%          2
c - Call Canine Familiar  Summ           70%        N/A       1%          3
d - Summon Guardian Gole  Hex/Summ       48%        N/A       1%          3
e - Summon Lightning Spi  Summ/Air       48%        N/A       1%          4
f - Summon Forest         Summ/Tloc      24%        N/A       3%          5

Your spell library contained the following spells:

 Spells                   Type           Power      Damage    Failure   Level
 Apportation              Tloc           26%        N/A       1%          1
 Necrotise                Necr           52%        1d6       1%          1
 Animate Armour           Summ/Erth      96%        N/A       1%          4
 Confusing Touch          Hex            13%        N/A       6%          3
 Dazzling Flash           Conj/Hex       26%        N/A       6%          3
 Gell's Gravitas          Tloc           13%        N/A       6%          3
 Portal Projectile        Hex/Tloc       26%        N/A       6%          3
 Stone Arrow              Conj/Erth      26%        3d8       6%          3
 Teleport Other           Tloc           13%        N/A       6%          3
 Tukima's Dance           Hex            13%        N/A       6%          3
 Summon Hydra             Summ           35%        N/A       6%          7
 Cause Fear               Hex            6%         N/A       17%         4
 Iskenderun's Mystic Bla  Conj/Tloc      13%        2d5       17%         4
 Agony                    Necr           13%        N/A       43%         5
 Blade Hands              Tmut           6%         N/A       43%         5
 Silence                  Hex/Air        6%         N/A       43%         5
 Dispersal                Tloc           6%         N/A       93%         6
 Eringya's Noxious Bog    Tmut/Pois      6%         N/A       93%         6
 Starburst                Conj/Fire      6%         6d4       93%         6
 Statue Form              Tmut/Erth      8%         N/A       93%         6
 Lehudib's Crystal Spear  Conj/Erth      6%         10d3      100%        8


Dungeon Overview and Level Annotations

Branches:
Dungeon (8/15)             Temple (1/1) D:6           Sewer (visited)
   Lair: D:8-11

Altars:
Ashenzari
Cheibriados
Dithmenos
Elyvilon
Fedhas
Gozag
Hepliaklqana
Kikubaaqudgha
Makhleb
Nemelex Xobeh
Okawaru
Qazlal
Sif Muna
Trog
Uskayaw
Vehumet
Wu Jian
Xom
Yredelemnul
Zin

Shops:
D:1 *   D:4 (

Annotations:
D:2 Terence


Innate Abilities, Weirdness & Mutations

You have a beak for a mouth.
You have claws for feet.
Your magical nature lets you fly swiftly and evasively.


Message History

Your quokka dies!
Your quokka's corpse disappears in a puff of smoke!
The centaur shoots an arrow.
The arrow misses your warg. The arrow hits you!
The orc shouts!
The orc is no longer distracted by gold.
The water moccasin misses you.
The centaur unwields a +0 shortbow.
The centaur hits your warg.
The centaur kicks your warg but does no damage.
Your warg bites the centaur!
You swap places.
The water moccasin bites you!
You are poisoned.
The water moccasin poisons you!
The centaur wields a +0 shortbow.
The centaur shoots an arrow.
The arrow completely misses your crimson imp.
The arrow hits you.
The water moccasin bites you but does no damage.
You see here a +0 chain mail.
The water moccasin attacks as you move away!
The water moccasin bites you.
You feel very sick.
The centaur shoots an arrow.
The arrow barely misses your crimson imp.
The arrow hits you!
* * * LOW HITPOINT WARNING * * *
There is a stone staircase leading up here.
* * * LOW HITPOINT WARNING * * *
You feel very sick.
The centaur shoots an arrow.
The arrow misses your crimson imp. The arrow barely misses you.
The water moccasin bites you.
* * * LOW HITPOINT WARNING * * *
The centaur shoots an arrow.
The arrow hits your warg!
You fly upwards.
Your summoned ally is left behind.
* * * LOW HITPOINT WARNING * * *
You feel very sick.
There is a stone staircase leading down here.
It was a potion of haste.
You feel yourself speed up.
* * * LOW HITPOINT WARNING * * *
You feel sick. The water moccasin bites you!
You die...
Your body crumbles into a pile of gold.

..#
##.........#.........#
# ..####
#.........#.........#
# .....#
##.....####.........#
...#.# #.....#
#.........# .....#
#.....# #.........#
...)##
#....#####..########
#..## #.......#..##


5PPP♣ ##(......S.## .PP♣♣ #'.......@## ♣9♣♣ ##.......## 9♣♣ #.......# #######
♣5♣ #.......# #...... ♣.♣♣ #.......# #.##### ♣♣h♣ ######### #.# ##9## #.#####
#9..# #...... #...# ####### You could see a water moccasin.

Vanquished Creatures
  A sky beast (D:7)
  A scorpion (D:5)
  A wight (D:7)
  A hound (D:5)
  3 orc wizards (D:7)
  An adder (D:5)
  A dart slug (D:5)
  5 orcs (D:7)
  A goblin (D:2)
  A ball python (Sewer)
  3 bats (D:1)
  2 rats
21 creatures vanquished.

Vanquished Creatures (collateral kills)
  Pikel (D:5)
  A spectral unseen horror (D:6)
  The ghost of Esekla the Sneak, an amateur VSDe (D:6)
  A steam dragon (D:7)
  A vampire mosquito (D:5)
  A nameless horror (D:6)
  An orc warrior (D:6)
  An ice beast (D:7)
  2 black bears
  4 ogres
  3 lemures (D:5)
  2 phantoms
  A kobold brigand (Sewer)
  3 necrophages
  4 scorpions
  8 wights
  2 spectral centaurs (D:6)
  A howler monkey (D:7)
  2 hounds (D:5)
  3 orc priests
  2 jellies
  Crazy Yiuf (D:7)
  3 iguanas
  Jessica (D:3)
  Natasha (thrice) (D:2)
  3 orc wizards
  A centaur simulacrum (D:6)
  A killer bee simulacrum (D:6)
  9 gnolls
  12 adders
  5 river rats (Sewer)
  A white imp (D:6)
  3 ufetubi
  2 worms (D:3)
  2 dart slugs
  22 orcs
  14 bats
  7 endoplasms
  6 giant cockroaches (D:3)
  A goblin (D:3)
  8 hobgoblins
  11 jackals
  5 quokkas
  9 ball pythons
  2 frilled lizards
  22 kobolds
  19 rats
218 creatures vanquished.

Vanquished Creatures (others)
  Joseph (D:7)
  A wraith (D:5)
  An ogre (D:5)
  A lemure (D:5)
  An orc (D:8)
  13 fungi (D:4)
  A plant (D:6)
19 creatures vanquished.

Grand Total: 258 creatures vanquished

Notes
Turn   | Place    | Note
-------+----------+-------------------------------------------
     0 | D:1      | cforsyth the Tengu Summoner began the quest for the Orb.
     0 | D:1      | Reached XP level 1. HP: 10/10 MP: 4/4
   229 | D:1      | Found a faded altar of an unknown god.
   263 | D:1      | Reached skill level 5 in Summonings
   329 | D:1      | Reached XP level 2. HP: 15/15 MP: 1/6
   462 | D:1      | Found Farph's General Store.
  1091 | D:2      | Reached XP level 3. HP: 19/19 MP: 4/7
  1159 | D:2      | You fall into a shaft and drop 1 floor!
  1159 | D:3      | Found a shadowy altar of Dithmenos.
  1164 | D:3      | Learned a level 2 spell: Call Imp
  1220 | D:3      | Learned a level 3 spell: Call Canine Familiar
  1280 | D:3      | Reached XP level 4. HP: 17/24 MP: 5/9
  1287 | D:3      | Reached skill level 6 in Summonings
  1354 | D:3      | Found a glowing drain.
  1377 | Sewer    | Entered a sewer
  1546 | Sewer    | Gained mutation: Your magical nature lets you fly swiftly
                  | and evasively. [Tengu growth]
  1546 | Sewer    | Reached XP level 5. HP: 28/28 MP: 8/11
  1550 | Sewer    | Learned a level 3 spell: Summon Guardian Golem
  1991 | Sewer    | Noticed a kobold brigand
  2006 | Sewer    | Killed a kobold brigand
  2007 | Sewer    | Reached skill level 7 in Summonings
  2007 | Sewer    | Reached XP level 6. HP: 32/32 MP: 4/13
  2020 | Sewer    | Learned a level 4 spell: Summon Lightning Spire
  2307 | D:2      | Noticed Terence
  2414 | D:2      | Noticed Natasha
  2420 | D:2      | Killed Natasha
  2463 | D:2      | Noticed Natasha
  2469 | D:2      | Killed Natasha
  2931 | D:2      | Noticed Natasha
  2936 | D:2      | Killed Natasha
  3244 | D:3      | Noticed Jessica
  3315 | D:3      | Killed Jessica
  3342 | D:3      | Found a shimmering blue altar of Sif Muna.
  3641 | D:4      | Reached XP level 7. HP: 36/36 MP: 8/15
  3653 | D:4      | Reached skill level 5 in Spellcasting
  3807 | D:4      | Reached skill level 8 in Summonings
  3856 | D:4      | Identified the ring of the Unkillable {rPois rCorr}
  4242 | D:4      | Found the +11 Singing Sword {sonic wave}
  4372 | D:4      | Found a radiant altar of Vehumet.
  4388 | D:4      | Found an iron altar of Okawaru.
  4425 | D:4      | Found Tank's Weapon Shop.
  4497 | D:5      | Entered Level 5 of the Dungeon
  4752 | D:5      | Identified the +4 mace of Terra Cotta {chaos, rElec rN+
                  | MP-9 Dex+2}
  4868 | D:5      | Identified the +4 scale mail of Vexation {Int+3 Dex+3
                  | Slay-6}
  5147 | D:5      | Noticed Pikel
  5177 | D:5      | Reached skill level 9 in Summonings
  5177 | D:5      | Reached XP level 8. HP: 15/41 MP: 6/18
  5507 | D:5      | Reached skill level 10 in Summonings
  5587 | D:5      | Noticed a wraith
  5616 | D:5      | Killed a wraith
  5617 | D:5      | Reached XP level 9. HP: 39/45 MP: 5/21
  5646 | D:5      | Killed Pikel
  5647 | D:5      | Reached skill level 11 in Summonings
  5747 | D:5      | Identified the ring of Xecuass {Wiz MP+9}
  5763 | D:5      | Learned a level 5 spell: Summon Forest
  5906 | D:6      | Found a basalt altar of Yredelemnul.
  5906 | D:6      | Found a sparkling altar of Nemelex Xobeh.
  6115 | D:6      | Reached skill level 12 in Summonings
  6226 | D:6      | Found a blossoming altar of Fedhas.
  6505 | D:6      | Found a runed translucent gate.
  6505 | D:6      | Found a runed translucent gate.
  6567 | D:6      | Found a staircase to the Ecumenical Temple.
  6601 | D:6      | Noticed a spectral unseen horror
  6602 | D:6      | Found a runed translucent gate.
  6604 | D:6      | Noticed Esekla's ghost (amateur VSDe)
  6648 | Temple   | Entered the Ecumenical Temple
  6790 | D:6      | Killed Esekla's ghost
  6790 | D:6      | Killed a spectral unseen horror
  6791 | D:6      | Reached XP level 10. HP: 50/50 MP: 22/24
  6959 | D:7      | Reached skill level 13 in Summonings
  6965 | D:7      | Found an opulent altar of Gozag.
  6970 | D:7      | Found an opulent altar of Gozag.
  6970 | D:7      | Found an opulent altar of Gozag.
  6973 | D:7      | Became a worshipper of Gozag Ym Sagoz the Greedy
  6980 | D:7      | Found an opulent altar of Gozag.
  7194 | D:7      | Found a runed translucent door.
  7195 | D:7      | Noticed Crazy Yiuf
  7205 | D:7      | Killed Crazy Yiuf
  7268 | D:7      | Noticed Joseph
  7284 | D:7      | Killed Joseph
  7285 | D:7      | Reached skill level 10 in Spellcasting
  7407 | D:7      | Found a broken altar of Ashenzari.
  7412 | D:7      | Got the Secrets of the Mesa and Bewitchment
  7845 | D:7      | Slain by a water moccasin

Illustrated notes

Levels and vault maps discovered:
D:1:      co_arrival_square_in_a_square_in_a_square, layout_loops_ring,
          serial_shops, nicolae_shop_behind_doors,
          hellmonk_ecumenical_altar_lost_god, serial_park_tiny_1,
          dreamdust_princess_corridor
D:2:      layout_loops_cross, uniq_terence, uniq_natasha
D:3:      layout_rooms, nicolae_dithmenos_shadow_blocks, tgw_sif,
          portal_sewer_entry_f
D:4:      old_forge, layout_gridville, mainiacjoe_overflow_swirl, serial_shops,
          shop
D:5:      kennysheep_windowed_halls, layout_loops_ring, minivault_4, uniq_pikel
D:6:      layout_rooms, fedhas_ov_isle_minmay,
          mainiacjoe_overflow_large_starburst, lemuel_temple_firewalk_a,
          gammafunk_ghost_necromancy
D:7:      layout_basic, nicolae_gozag_conspicuous_consumption,
          nicolae_ashenzari_skybound, uniq_joseph, uniq_crazy_yiuf_cottage
D:8:      layout_rooms, dpeg_lair_monsters, serial_shops, shop,
          blue_anna_alchemist
Temple:   minmay_freezing_vapour_temple

Skill      XL: |  1  2  3  4  5  6  7  8  9 10 |
---------------+-------------------------------+-----
Summonings     | 5 6 7 9 10 12 13 | 13.5
Spellcasting   | 3 4 6 7 9 10 | 10.0
Dodging        | |  2.2
Stealth        | |  2.0

Action                     |  1- 3 |  4- 6 |  7- 9 | 10-12 || total
---------------------------+-------+-------+-------+-------++-------
  Melee: Unarmed           |    21 |    13 |     3 |       ||    37
         Kick              |     7 |     2 |     3 |     3 ||    15
         Peck              |     4 |     2 |     2 |     1 ||     9
         Double sword      |       |       |    10 |    12 ||    22
   Cast: Summon Small Mamm |    49 |    27 |    15 |     6 ||    97
         Call Imp          |     3 |    13 |    10 |     3 ||    29
         Call Canine Famil |     1 |    22 |    21 |    10 ||    54
         Summon Lightning  |       |     1 |       |     3 ||     4
         Summon Guardian G |       |       |     4 |     2 ||     6
         Summon Forest     |       |       |     7 |     1 ||     8
    Use: Scroll            |       |     1 |     1 |       ||     2
         Potion            |       |       |       |     1 ||     1
   Stab: Distracted        |       |       |     1 |       ||     1
 Armour: Robe              |    15 |     9 |     7 |     5 ||    36
  Dodge: Dodged            |    31 |    51 |    48 |    15 ||   145

Table legend: (Time is in decaauts)
 A = Elapsed time spent in this place.
 B = Non-inter-level travel time spent in this place.
 C = Inter-level travel time spent in this place.
 D = Time resting spent in this place.
 E = Time spent auto-exploring this place.
 F = Levels seen in this place.
 G = Mean time per level.
                   A        B        C        D        E       F      G
               +--------+--------+--------+--------+--------+-----+--------+
         Total |   7484 |   7243 |    241 |    396 |   4638 |  10 |  748.4 |
       Dungeon |   6739 |   6499 |    240 |    396 |   4258 |   8 |  842.4 |
        Temple |      1 |      1 |      0 |      0 |      0 |   1 |    1.0 |
         Sewer |    743 |    743 |      0 |      0 |    380 |   1 |  743.0 |
               +--------+--------+--------+--------+--------+-----+--------+

Top non-repeatable levels by time:
     D:5: 1269 daAuts
     D:1: 1029 daAuts
     D:6: 939 daAuts
     D:3: 902 daAuts
     D:7: 897 daAuts
     D:4: 870 daAuts
     D:2: 788 daAuts
   Sewer: 743 daAuts
     D:8: 43 daAuts
  Temple: 1 daAuts
